 Dungeon Crawl Stone Soup version 0.28.0 (webtiles) character file.

Game seed: 18237406512909699936

121 theElss the Skirmisher (level 5, -5/33 HPs)
             Began as a Gargoyle Berserker on Feb 17, 2022.
             Was a Believer of Trog.
             Slain by a water moccasin (6 damage)
             ... on level 3 of the Dungeon.
             The game lasted 00:03:14 (2173 turns).

theElss the Skirmisher (Gargoyle Berserker)         Turns: 2173, Time: 00:03:15

Health: -5/33      AC:  6    Str: 21    XL:     5   Next: 5%
Magic:  5/5        EV: 12    Int:  7    God:    Trog [**....]
Gold:   88         SH:  0    Dex: 11    Spells: 4/4 levels left

rFire   . . .      SeeInvis .   a - +0 mace
rCold   . . .      Faith    .   (no shield)
rNeg    + . .      Spirit   .   b - +0 animal skin
rPois   ∞          Reflect  .   (no helmet)
rElec   +          Harm     .   (no cloak)
rCorr   .          Rampage  .   (no gloves)
Will    .....                   (no boots)
Stlth   +.........              (no amulet)
HPRegen 0.11/turn               (no ring)
MPRegen 0.09/turn               (no ring)

@: on berserk cooldown, attractive, flying
A: sickness immunity, AC +4, negative energy resistance 1, electricity
resistance, torment resistance 1, petrification resistance
a: Renounce Religion, Berserk, Trog's Hand


You were on level 3 of the Dungeon.
You worshipped Trog.
Trog was pleased with you.
You visited 1 branch of the dungeon, and saw 3 of its levels.

You collected 88 gold pieces.

Inventory:

Hand Weapons
 a - a +0 mace (weapon)
Armour
 b - a +0 animal skin (worn)
Scrolls
 c - 2 scrolls of teleportation {unknown}
 e - 2 scrolls of vulnerability {unknown}
 h - a scroll of summoning {unknown}
 j - a scroll of identify {unknown}
 m - a scroll of amnesia {unknown}
Potions
 f - a potion of might {unknown}
 g - 2 potions of curing
 k - a potion of invisibility {unknown}
 l - a potion of cancellation {unknown}


   Skills:
 + Level 4.1 Fighting
 + Level 3.7 Maces & Flails
 + Level 3.3 Armour
 + Level 2.4 Dodging


You had 4 spell levels left.
You didn't know any spells.
Your spell library was empty.

Dungeon Overview and Level Annotations

Branches:
Dungeon (3/15)

Altars:

Shops:
D:2 *


Innate Abilities, Weirdness & Mutations

You are immune to sickness and miasma.
Your stone body is resilient. (AC +4)
You are immune to poison.
You resist negative energy. (rN+)
You are resistant to electric shocks. (rElec)
You are resistant to unholy torment.
You are immune to petrification.


Message History

You hit the orc but do no damage. The orc closely misses you.
The orc hits you but does no damage.
You hit the orc.
The orc is moderately wounded.
The orc hits you but does no damage. x2
You hit the orc.
You kill the orc!
Trog accepts your kill. The water moccasin barely misses you.
The water moccasin bites you but does no damage.
You sock the water moccasin!
The water moccasin is moderately wounded.
The water moccasin barely misses you. x2; The water moccasin bites you.
You hit the water moccasin.
The water moccasin is heavily wounded.
The water moccasin bites you but does no damage.
The water moccasin closely misses you.
You closely miss the water moccasin.
The water moccasin is heavily wounded.
The water moccasin bites you! The water moccasin bites you. x2
* * * LOW HITPOINT WARNING * * *
Unknown command.
You hit the water moccasin but do no damage.
The water moccasin is moderately wounded.
You feel yourself speed up. The water moccasin bites you.
* * * LOW HITPOINT WARNING * * *
The water moccasin bites you.
* * * LOW HITPOINT WARNING * * *
It was a potion of curing.
You feel better. The water moccasin bites you.
* * * LOW HITPOINT WARNING * * *
The water moccasin bites you.
* * * LOW HITPOINT WARNING * * *
It was a potion of attraction.
You feel attractive to monsters.
The water moccasin bites you but does no damage.
It was a potion of flight.
You feel very buoyant.
You fly up into the air.
The water moccasin bites you.
You die...

...###.....#
>..........####
...............
#..# #..##
#.))# #o#.##
#S#..# #@##.##
#.....# ###.#.#
#.#.#
#######.#.##
#.<........#
#........#.#
#........#.#
#######.##(.


You could see a water moccasin and an orc.

Vanquished Creatures
  An orc priest (D:3)
  Jessica (D:3)
  An adder (D:3)
  3 dart slugs
  2 orcs (D:3)
  5 ball pythons
  5 bats
  5 endoplasms
  2 giant cockroaches
  4 goblins
  3 hobgoblins
  3 jackals (D:1)
  3 kobolds
  A quokka (D:3)
  2 frilled lizards
  5 rats
46 creatures vanquished.

Notes
Turn   | Place    | Note
-------+----------+-------------------------------------------
     0 | D:1      | theElss the Gargoyle Berserker began the quest for the Orb.
     0 | D:1      | Reached XP level 1. HP: 14/14 MP: 1/1
   158 | D:1      | Reached XP level 2. HP: 19/19 MP: 2/2
   869 | D:1      | Reached XP level 3. HP: 22/23 MP: 3/3
  1052 | D:2      | Reached ** piety under Trog
  1062 | D:2      | Found Qenec's Assorted Antiques.
  1906 | D:3      | Reached XP level 4. HP: 24/29 MP: 4/4
  1999 | D:3      | Noticed Jessica
  2012 | D:3      | Killed Jessica
  2013 | D:3      | Reached skill level 4 in Fighting
  2148 | D:3      | Reached XP level 5. HP: 33/33 MP: 5/5
  2151 | D:3      | Noticed a water moccasin
  2170 | D:3      | HP: 1/33 [water moccasin (4)]
  2173 | D:3      | Slain by a water moccasin

Illustrated notes

Levels and vault maps discovered:
D:1:      mrwooster_arrival_statue_2, layout_loops_cross
D:2:      layout_loops_corners, serial_shops, shop,
          hangedman_abyss_or_decor_lesser_grid
D:3:      layout_basic, nicolae_qazlal_eye_of_the_storm,
          kennysheep_jessica_study

Skill      XL: |  1  2  3  4 |
---------------+-------------+-----
Dodging        | 2 |  2.4
Armour         | 3 |  3.3
Fighting       | 4 |  4.1
Maces & Flails | |  3.7

Action                   |  1- 3 |  4- 6 || total
-------------------------+-------+-------++-------
Melee: Mace              |   102 |    31 ||   133
Invok: Berserk           |       |     2 ||     2
  Use: Potion            |       |     3 ||     3
 Stab: Sleeping          |     1 |       ||     1
Armor: Animal skin       |    36 |    14 ||    50
Dodge: Dodged            |    82 |    29 ||   111
